 Dungeon Crawl Stone Soup version 0.23-a0-189-gc87c613 (webtiles) character file.

116 Felrender the Skirmisher (level 4, -1/35 HPs)
             Began as a Demonspawn Fighter on Sept 24, 2018.
             Slain by a hobgoblin (3 damage)
             ... on level 2 of the Dungeon.
             The game lasted 00:03:28 (1063 turns).

Felrender the Skirmisher (Demonspawn Fighter)       Turns: 1063, Time: 00:03:29

Health: -1/35      AC:  7    Str: 22    XL:     4   Next: 70%
Magic:  4/4        EV:  8    Int:  9    God:
Gold:   82         SH:  9    Dex: 13    Spells: 3/3 levels left

rFire    . . .     SeeInvis .   a - +1 long sword
rCold    . . .     Gourm    .   c - +0 shield
rNeg     . . .     Faith    .   b - +1 scale mail
rPois    .         Spirit   .   (helmet restricted)
rElec    .         Reflect  .   e - scarf {repulsion}
rCorr    .         Harm     .   (no gloves)
MR       .....                  (no boots)
Stlth    +.........             (no amulet)
HPRegen  0.11/turn              (no ring)
MPRegen  0.09/turn              (no ring)

@: mighty, repel missiles
A: antennae 1, nightstalker 1
a: no special abilities


You were on level 2 of the Dungeon.
You were not hungry.

You visited 1 branch of the dungeon, and saw 2 of its levels.

You collected 82 gold pieces.

Inventory:

Hand Weapons
 a - a +1 long sword (weapon)
Armour
 b - a +1 scale mail (worn)
 c - a +0 shield (worn)
 e - a scarf of repulsion (worn)
Jewellery
 k - an uncursed ring of flight {unknown}
Scrolls
 h - 2 scrolls of remove curse
Potions
 i - a potion of agility
 l - a potion of lignification {unknown}
 m - a potion of haste {unknown}
Comestibles
 f - 3 rations
 g - 4 chunks of flesh


   Skills:
 + Level 3.3 Fighting
 + Level 3.0 Long Blades
 + Level 3.0 Armour
 + Level 1.7 Dodging
 + Level 3.2 Shields


You had 3 spell levels left.
You didn't know any spells.
Your spell library was empty.

Dungeon Overview and Level Annotations

Branches:
Dungeon (2/15)

Altars:


Innate Abilities, Weirdness & Mutations

You have a pair of small antennae on your head.
You are slightly more attuned to the shadows.


Message History

The jackal closely misses you.
You feel very mighty all of a sudden.
The jackal bites you but does no damage.
Jessica hits you with an enchanted club.
* * * LOW HITPOINT WARNING * * *
You block the jackal's attack.
Jessica hits you with an enchanted club.
* * * LOW HITPOINT WARNING * * *
You hit Jessica.
You kill Jessica!
Your Armour skill increases to level 3!
You block the jackal's attack. x2
You slash the jackal!
You kill the jackal!
Your Long Blades skill increases to level 3!
The hobgoblin hits you but does no damage.
The hobgoblin barely misses you.
You riposte.
You barely miss the hobgoblin. You closely miss the hobgoblin.
You block the jackal's attack. x2
The hobgoblin hits you.
You die...

###### #....#
######.gh.#
######...%$.h@.#
#...[#$.....#####
####....#......{...###
........+............#
........####.....h.[..
'###.#### #......h...
...#.# #.>........
...#.# #####..........
...#)#
#.....[.....ยง..


You could see 2 jackals and a hobgoblin.

Vanquished Creatures
  Jessica (D:2)
  3 gnolls (D:2)
  2 worms (D:2)
  A dart slug (D:1)
  3 leopard geckos (D:1)
  4 bats (D:1)
  3 giant cockroaches (D:1)
  5 goblins
  6 hobgoblins (D:1)
  9 jackals
  6 frilled lizards
  A kobold (D:1)
  5 rats (D:1)
49 creatures vanquished.

Notes
Turn   | Place    | Note
-------+----------+-------------------------------------------
     0 | D:1      | Felrender the Demonspawn Fighter began the quest for the
                  | Orb.
     0 | D:1      | Reached XP level 1. HP: 18/18 MP: 1/1
   106 | D:1      | Gained mutation: You have a pair of small antennae on your
                  | head. [demonic ancestry]
   106 | D:1      | Reached XP level 2. HP: 20/24 MP: 2/2
   261 | D:1      | Gained mutation: You are slightly more attuned to the
                  | shadows. [demonic ancestry]
   261 | D:1      | Reached XP level 3. HP: 24/29 MP: 3/3
   680 | D:1      | Reached skill level 1 in Dodging
   815 | D:2      | Reached XP level 4. HP: 27/35 MP: 4/4
  1042 | D:2      | Noticed Jessica
  1061 | D:2      | Killed Jessica
  1063 | D:2      | Slain by a hobgoblin

Vault maps used:
D:1:      sevenhm_arrival_forest_fort_small_4, minmay_pentomino_w2
D:2:      uniq_terence, uniq_jessica, uniq_sigmund

Skill      XL: |  1  2  3  4 |
---------------+-------------+-----
Long Blades    | 2 3 |  3.0
Shields        | 3 |  3.2
Dodging        | 1 |  1.7
Armour         | 3 |  3.0
Fighting       | |  3.3

Action                   |  1- 3 |  4- 6 || total
-------------------------+-------+-------++-------
Melee: Long sword        |   131 |    30 ||   161
  Use: Scroll            |     6 |     1 ||     7
       Potion            |       |     1 ||     1
  Eat: Chunk             |       |     1 ||     1
Armor: Scale mail        |    92 |    10 ||   102
Dodge: Dodged            |    46 |     8 ||    54
       Deflected         |     2 |       ||     2
Block: Shield            |    90 |    18 ||   108
       Rpst.: Long sword |    19 |     4 ||    23

Table legend:
 A = Non-vault XP
 B = Vault XP
 C = Vault XP percentage of total XP
 D = Non-vault monster count
 E = Vault monster count
 F = Vault count percentage of total count
                 A         B        C        D         E       F
            +---------+---------+-------+---------+---------+-------
      Total |     125 |      42 |  25.1 |      46 |       3 |   6.1
            +---------+---------+-------+---------+---------+-------
        D:1 |      67 |       5 |   6.9 |      37 |       2 |   5.1
        D:2 |      58 |      37 |  38.9 |       9 |       1 |  10.0
            +---------+---------+-------+---------+---------+-------
